 Dungeon Crawl Stone Soup version 0.29-a0-330-g52719c12eb (webtiles) character file.

Game seed: 11595941342016996631

1080 lfo the Covert (level 8, -1/37 HPs)
             Began as a Spriggan Enchanter on May 13, 2022.
             Slain by an orc warrior
             ... wielding a +0 halberd
              (14 damage)
             ... on level 7 of the Dungeon.
             The game lasted 00:15:33 (8956 turns).

lfo the Covert (Spriggan Enchanter)                 Turns: 8956, Time: 00:15:34

Health: -1/37      AC:  2    Str:  4    XL:     8   Next: 8%
Magic:  15/15      EV: 18    Int: 16    God:
Gold:   461        SH:  0    Dex: 18    Spells: 10/15 levels left

rFire   . . .      SeeInvis +   t - +1 dagger (venom)
rCold   . . .      Faith    .   (no shield)
rNeg    . . .      Spirit   .   b - +0 robe
rPois   .          Reflect  .   (helmet restricted)
rElec   .          Harm     .   (no cloak)
rCorr   .          Rampage  .   (gloves unavailable)
Will    +....                   (boots unavailable)
Stlth   ++++......              (no amulet)
HPRegen 0.12/turn               (no ring)
MPRegen 0.14/turn               (no ring)

@: very quick
A: very small, no large weapons, unfitting armour, see invisible, speed 3
a: no special abilities


You were on level 7 of the Dungeon.
You visited 1 branch of the dungeon, and saw 6 of its levels.

You collected 461 gold pieces.


Innate Abilities, Weirdness & Mutations

You are very small and have problems with some larger weapons.
You are too small for most types of armour.
You have supernaturally acute eyesight. (SInv)
You cover ground extremely quickly. (Speed+++)


   Skills:
 + Level 0.5 Fighting
 - Level 5.0 Short Blades
 + Level 3.0 Dodging
 - Level 8.0 Stealth
 - Level 1.7 Shields
 - Level 4.0 Spellcasting
 - Level 8.0 Hexes


You had 10 spell levels left.
You knew the following spells:

 Your Spells              Type           Power      Damage    Failure   Level
c - Confusing Touch       Hex            28%        N/A       1%          3
e - Ensorcelled Hibernat  Hex/Ice        32%        N/A       4%          2

Your spell library contained the following spells:

 Spells                   Type           Power      Damage    Failure   Level
 Tukima's Dance           Hex            28%        N/A       1%          3
 Dazzling Flash           Conj/Hex       32%        N/A       10%         3
 Fulminant Prism          Conj/Hex       8%         3d7       32%         4
 Iskenderun's Mystic Bla  Conj/Tloc      3%         2d3       86%         4
 Lee's Rapid Deconstruct  Erth           1%         3d5*      99%         5

Inventory:

Hand Weapons
 a - a +1 dagger
 t - a +1 dagger of venom (weapon)
   (You took it off a kobold on level 3 of the Dungeon)
Missiles
 v - a throwing net (quivered) {=f!f}
Armour
 b - a +0 robe (worn)
 u - a +0 buckler
   (You found it on level 4 of the Dungeon)
Jewellery
 L - a ring of flight
   (You found it on level 1 of the Dungeon)
Scrolls
 d - 2 scrolls of teleportation {unknown}
 e - 6 scrolls of identify {unknown}
 g - 2 scrolls of enchant weapon {unknown}
 h - a scroll of immolation {unknown}
 l - 2 scrolls of blinking {unknown}
 m - a scroll of fog {unknown}
 n - a scroll of brand weapon {unknown}
 p - a scroll of vulnerability {unknown}
 r - 2 scrolls of magic mapping {unknown}
 x - a scroll of amnesia {unknown}
 y - a scroll of enchant armour {unknown}
Potions
 c - 2 potions of invisibility
 f - 2 potions of lignification {unknown}
 i - 3 potions of mutation {unknown}
 j - 2 potions of heal wounds {unknown}
 k - 4 potions of curing {unknown}
 o - a potion of berserk rage {unknown}
 q - 2 potions of might {unknown}
 s - a potion of haste {@q3}
 w - a potion of flight {unknown}
 z - a potion of ambrosia {unknown}

Dungeon Overview and Level Annotations

Branches:
Dungeon (5/15)             Temple (0/1) D:7

Altars:
Kikubaaqudgha

Shops:
D:4

[ ##### .#. #....
... ..#.##....
.o..#. .# #.#.. .#
## #o### .###
##..##oo.###...#
..!.#.....o..#
...##..@..##.$..#
#........#.....#
...###?c.##........
.. ###.# ........ #
...#.# .#.oo..
###.... ####.##
#..#. .# .. .#


You could see an orc warrior, a centaur, an orc wizard (invisible) and 3 orcs.


Message History

Confirm with . or Enter, or press ? or * to list all spells.
Aiming: Ensorcelled Hibernation (safe; 6% risk of failure)
Press: ? - help, Shift-Dir - straight line, f/p - howler monkey
Aim: a howler monkey (lightly wounded, very poisoned, chance to affect: 56%)
The howler monkey looks drowsy... 😎 MP[-2]
You lost 2 mp, and now have 10/14 mp.
The helpless howler monkey fails to defend itself.
You spit the howler monkey like a pig!!!
You kill the howler monkey!
y - a scroll labelled FIMYPOFUUTS 😎 MP[+4]
Your mp is fully restored (14).
A scorpion comes into view.
The scorpion moves out of view.
A scorpion is nearby!
A scorpion is nearby!
A scorpion is nearby!
Found a stone staircase leading up.
An adder comes into view.
Found a lumpy sapphire potion.
Found a stone staircase leading down.
You strike the helpless scorpion from behind!
You impale the scorpion!!
You kill the scorpion!
An adder is nearby!
The adder hisses angrily.
You closely miss the adder. Your punch misses the adder.
The adder bites you. 😕 HP[-2]
You take 2 damage, and now have 30/32 hp.
Casting: Ensorcelled Hibernation (safe; 5% risk of failure)
Confirm with . or Enter, or press ? or * to list all spells.
Aiming: Ensorcelled Hibernation (safe; 5% risk of failure)
Press: ? - help, Shift-Dir - straight line, f - adder
Aim: an adder (chance to affect: 57%)
The adder looks drowsy... 😕 MP[-2]
You lost 2 mp, and now have 12/14 mp.
The helpless adder fails to defend itself.
You perforate the adder like a sieve!!!
You kill the adder!
A sky beast comes into view. 😎 HP[+2] MP[+2]
Your hp is fully restored (32).
Your mp is fully restored (14).
A sky beast is nearby!
A sky beast is nearby!
You see here a lumpy sapphire potion.
There is a stone staircase leading down here.
The helpless sky beast fails to defend itself.
You skewer the sky beast like a kebab!!!
You kill the sky beast!
Training target 8.0 for Hexes reached!
Your Hexes skill increases to level 8!
You need to enable at least one skill for training.
Your Dodging skill increases to level 3!
You have reached level 8! 😎 HP[+5] MP[+1]
You now have 37 max hp (+5).
Your hp is fully restored (37).
Your mp is fully restored (15).
z - a lumpy sapphire potion You now have 452 gold pieces (gained 9).
There is a stone staircase leading up here.
There is a stone staircase leading down here.
You now have 461 gold pieces (gained 9).
Key pressed, stopping explore.
Key pressed, stopping explore.
A sourceless malevolence fills the Dungeon...
You fall into a shaft and drop 2 floors!
The shaft crumbles and collapses. 2 orcs come into view.
Found 9 gold pieces and a scroll labelled PONKISHR JAMN.
Found a staircase to the Ecumenical Temple.
An orc comes into view. It is wielding a +0 trident.
An orc warrior and a centaur come into view.
An orc wizard and an orc come into view.
The orc shouts!
The centaur shouts!
The orc wizard shouts!
The orc warrior shouts!
The orc wizard points at you and mumbles some strange words.
The magic dart hits you.
The orc moves out of view. 😕 HP[-5]
You take 5 damage, and now have 32/37 hp.
There is a staircase to the Ecumenical Temple here.
An orc comes into view. It is wielding a +0 flail.
The centaur wields a +0 shortbow.
The centaur shoots an arrow.
The arrow misses you.
The arrow hits the orc warrior.
The orc warrior closely misses you.
The centaur shoots an arrow.
The arrow hits you.
The orc wizard casts a spell.
The orc wizard flickers and vanishes for a moment.
The orc warrior hits you from afar with a +0 halberd! 😮 HP[-10]
You take 10 damage, and now have 22/37 hp.
MASSIVE DAMAGE!! (PAUSE)
The centaur shoots an arrow.
The arrow hits you!
* * * LOW HITPOINT WARNING * * *
The centaur shoots an arrow.
The arrow barely misses you.
The arrow barely misses the orc warrior.
The orc hits you from afar with a +0 trident.
* * * LOW HITPOINT WARNING * * *
The orc warrior hits you from afar with a +0 halberd!
You die...

Skill      XL: |  1  2  3  4  5  6  7 |
---------------+----------------------+-----
Stealth        | 5 6 7 8 |  8.0
Short Blades   | 2 3 4 5 |  5.0
Spellcasting   | 4 |  4.0
Hexes          | 4 8 |  8.0
Shields        | 1 |  1.7
Dodging        | 3 |  3.0
Fighting       | |  0.5

Action                   |  1- 3 |  4- 6 |  7- 9 || total
-------------------------+-------+-------+-------++-------
Melee: Dagger            |    99 |   207 |    70 ||   376
       Punch             |       |     2 |       ||     2
 Cast: Ensorcelled Hiber |    32 |   104 |    37 ||   173
       Confusing Touch   |       |     3 |       ||     3
 Stab: Sleeping          |    36 |    62 |    24 ||   122
       Confused          |       |     2 |       ||     2
       Distracted        |       |     1 |     1 ||     2
Armor: Robe              |    12 |    11 |     4 ||    27
Dodge: Dodged            |    78 |   175 |    71 ||   324

Levels and vault maps discovered:
D:1:      minmay_arrival_loop, layout_basic, basic_ecumenical_altar,
          minmay_pentomino_w4
D:2:      layout_basic, basic_altar
D:3:      minmay_goblin_kobold_castle, layout_rooms
D:4:      cheibrodos_greedy_goblins, layout_cave_pools, serial_shops, shop,
          kennysheep_doodads
D:5:      layout_loops_ring
D:7:      layout_rooms, minmay_temple_entry_slanted, nzn_ghost_randoct

Notes
Turn   | Place    | Note
-------+----------+-------------------------------------------
     0 | D:1      | lfo the Spriggan Enchanter began the quest for the Orb.
     0 | D:1      | Reached XP level 1. HP: 9/9 MP: 5/5
     0 | D:1      | magus.rc [v1.11.3]
   183 | D:1      | Found a faded altar of an unknown god.
   264 | D:1      | Reached XP level 2. HP: 12/13 MP: 6/6
   267 | D:1      | Reached skill level 5 in Stealth
   270 | D:1      | Learned a level 2 spell: Ensorcelled Hibernation
   320 | D:1      | Reached skill level 2 in Short Blades
   742 | D:1      | You pick up a book of Blasting and begin reading...
   742 | D:1      | You add the spells Fulminant Prism, Iskenderun's Mystic
                  | Blast and Lee's Rapid Deconstruction to your library.
  1199 | D:2      | Found an ancient bone altar of Kikubaaqudgha.
  1211 | D:2      | Reached XP level 3. HP: 14/16 MP: 2/8
  2089 | D:2      | Reached skill level 3 in Short Blades
  2089 | D:2      | Reached skill level 6 in Stealth
  2434 | D:3      | Reached XP level 4. HP: 21/21 MP: 4/9
  3119 | D:3      | Reached skill level 7 in Stealth
  3206 | D:3      | Reached XP level 5. HP: 18/24 MP: 5/10
  3719 | D:3      | Reached skill level 4 in Short Blades
  4408 | D:3      | HP: 6/24 [goblin/+0 club (2)]
  5401 | D:3      | Reached skill level 8 in Stealth
  5536 | D:3      | HP: 6/24 [gnoll/+0 flail (8)]
  5542 | D:3      | Reached XP level 6. HP: 8/28 MP: 6/11
  6037 | D:3      | Reached skill level 5 in Short Blades
  6410 | D:3      | Learned a level 3 spell: Confusing Touch
  6561 | D:4      | Reached skill level 3 in Spellcasting
  6561 | D:4      | Reached skill level 4 in Hexes
  6592 | D:4      | Found Gael Cusk's Armour Shop.
  7047 | D:4      | Reached skill level 4 in Spellcasting
  7051 | D:4      | Reached skill level 1 in Shields
  7051 | D:4      | Reached XP level 7. HP: 32/32 MP: 12/14
  7477 | D:4      | Reached skill level 5 in Hexes
  7657 | D:4      | HP: 7/32 [goblin/+0 dagger (2)]
  8143 | D:5      | Entered Level 5 of the Dungeon
  8355 | D:5      | Reached skill level 6 in Hexes
  8615 | D:5      | Reached skill level 7 in Hexes
  8878 | D:5      | Reached skill level 8 in Hexes
  8878 | D:5      | Reached skill level 3 in Dodging
  8878 | D:5      | Reached XP level 8. HP: 37/37 MP: 15/15
  8947 | D:5      | You fall into a shaft and drop 2 floors!
  8947 | D:7      | Found a staircase to the Ecumenical Temple.
  8956 | D:7      | Slain by an orc warrior

Vanquished Creatures
  A sky beast (D:5)
  A black bear (D:5)
  2 phantoms (D:4)
  2 scorpions
  2 howler monkeys
  3 hounds (D:5)
  3 orc wizards
  6 adders
  14 gnolls
  3 worms
  2 dart slugs
  11 orcs
  7 bats
  9 endoplasms
  5 giant cockroaches
  37 goblins
  27 hobgoblins
  5 jackals
  12 kobolds
  2 quokkas
  9 ball pythons
  6 frilled lizards
  5 rats
174 creatures vanquished.

Table legend:
 A = Non-vault XP
 B = Vault XP
 C = Vault XP percentage of total XP
 D = Non-vault monster count
 E = Vault monster count
 F = Vault count percentage of total count
                 A         B        C        D         E       F
            +---------+---------+-------+---------+---------+-------
      Total |    1275 |     269 |  17.4 |     103 |      71 |  40.8
            +---------+---------+-------+---------+---------+-------
        D:1 |      25 |      12 |  32.4 |      14 |       8 |  36.4
        D:2 |      55 |       0 |   0.0 |      24 |       0 |   0.0
        D:3 |     102 |     237 |  69.9 |      24 |      53 |  68.8
        D:4 |     468 |      20 |   4.1 |      26 |      10 |  27.8
        D:5 |     625 |       0 |   0.0 |      15 |       0 |   0.0
            +---------+---------+-------+---------+---------+-------

Illustrated notes

Table legend:
 A = Kills in this place as a percentage of kills in entire the game.
 B = Kills by you in this place as a percentage of kills by you in the entire game.
 C = Kills by friends in this place as a percentage of kills by friends in the entire game.
 D = Other kills in this place as a percentage of other kills in the entire game.
 E = Experience gained in this place as a percentage of experience gained in the entire game.
 F = Experience gained in this place divided by the number of levels of this place that you have seen.
                   A       B       C       D       E      F
               +-------+-------+-------+-------+-------+----------------------
         Total | 100.0 | 100.0 |   N/A |   N/A | 100.0 | 257.3
       Dungeon | 100.0 | 100.0 |   N/A |   N/A | 100.0 | 257.3
               +-------+-------+-------+-------+-------+----------------------

Table legend: (Time is in decaauts)
 A = Elapsed time spent in this place.
 B = Non-inter-level travel time spent in this place.
 C = Inter-level travel time spent in this place.
 D = Time resting spent in this place.
 E = Time spent auto-exploring this place.
 F = Levels seen in this place.
 G = Mean time per level.
                   A        B        C        D        E       F      G
               +--------+--------+--------+--------+--------+-----+--------+
         Total |   7395 |   7259 |    136 |   3084 |   2951 |   6 | 1232.5 |
       Dungeon |   7395 |   7259 |    136 |   3084 |   2951 |   6 | 1232.5 |
               +--------+--------+--------+--------+--------+-----+--------+

Top non-repeatable levels by time:
     D:3: 3727 daAuts
     D:4: 1201 daAuts
     D:2: 959 daAuts
     D:1: 900 daAuts
     D:5: 599 daAuts
     D:7: 6 daAuts
